 Dungeon Crawl Stone Soup version 0.28-a0-1286-g6bde065e89 (webtiles) character file.

Game seed: 12191422190052709562

25 Iscandelvey the Vexing (level 2, 21/21 HPs)
             Began as a Demonspawn Arcane Marksman on Dec 26, 2021.
             Was a Plaything of Xom.
             Quit the game on level 1 of the Dungeon.
             The game lasted 00:01:08 (713 turns).

Iscandelvey the Vexing (Demonspawn Arcane Marksman)  Turns: 713, Time: 00:01:09

Health: 21/21      AC:  2    Str: 10    XL:     2   Next: 82%
Magic:  4/4        EV: 12    Int: 14    God:    Xom [...*..]
Gold:   7          SH:  0    Dex: 13    Spells: 2/3 levels left

rFire   . . .      SeeInvis .   a - +0 hunting sling
rCold   . . .      Faith    .   (no shield)
rNeg    . . .      Spirit   .   d - +0 robe
rPois   .          Reflect  .   (no helmet)
rElec   .          Harm     .   (no cloak)
rCorr   .          Rampage  .   (no gloves)
Will    .....                   (no boots)
Stlth   +.........              (no amulet)
HPRegen 0.07/turn               (no ring)
MPRegen 0.09/turn               (no ring)

@: no status effects
A: claws 1
a: Renounce Religion


You were on level 1 of the Dungeon.
You worshipped Xom.
You were a favourite toy of Xom.
You visited 1 branch of the dungeon, and saw 1 of its levels.

You collected 7 gold pieces.

Inventory:

Hand Weapons
 a - a +0 hunting sling (weapon)
Missiles
 c - 12 sling bullets (quivered ammo)
 i - 31 stones
Armour
 d - a +0 robe (worn)
Scrolls
 b - a scroll of summoning {unknown}
 e - a scroll of enchant weapon {unknown}
 f - a scroll of identify {unknown}
 g - a scroll of amnesia {unknown}
 h - a scroll of noise
Potions
 j - a potion of mutation {unknown}


   Skills:
 + Level 1.4 Fighting
 + Level 2.1 Slings
 + Level 2.1 Dodging
 + Level 1.4 Spellcasting
 + Level 3.2 Hexes


You had 2 spell levels left.
You knew the following spells:

 Your Spells              Type           Power      Damage    Failure   Level
a - Slow                  Hex            40%        N/A       7%          1

Your spell library contained the following spells:

 Spells                   Type           Power      Damage    Failure   Level
 Inner Flame              Hex/Fire       5%         N/A       36%         3
 Portal Projectile        Hex/Tloc       10%        N/A       36%         3
 Cause Fear               Hex            5%         N/A       54%         4


Dungeon Overview and Level Annotations

Branches:
Dungeon (1/15)

Altars:
Xom


Innate Abilities, Weirdness & Mutations

You have sharp fingernails.


Message History

Things that are here:
a +0 dagger; a +0 whip A frilled lizard comes into view.
The frilled lizard hisses angrily.
You shoot a sling bullet.
The sling bullet hits the frilled lizard!
You kill the frilled lizard!
An endoplasm and a hobgoblin come into view.
The hobgoblin shouts!
You shoot a sling bullet. The endoplasm quivers.
The sling bullet hits the hobgoblin!
You kill the hobgoblin!
An endoplasm is nearby!
You shoot a sling bullet.
The sling bullet barely misses the endoplasm.
You shoot a sling bullet. The sling bullet hits the endoplasm!
You kill the endoplasm!
A bat comes into view.
A bat is nearby!
A bat is nearby!
You shoot a sling bullet.
The sling bullet completely misses the bat.
You shoot a sling bullet. The sling bullet barely misses the bat.
The bat barely misses you.
A bat is nearby!
You shoot a sling bullet. The sling bullet hits the bat.
You kill the bat!
c - 6 sling bullets (gained 1)
You see here a bat corpse.
No target in view!
c - 7 sling bullets (gained 1)
c - 8 sling bullets (gained 1)
c - 10 sling bullets (gained 2)
c - 11 sling bullets (gained 1)
c - 12 sling bullets (gained 1)
You are now a favourite toy of Xom.
Found a stone staircase leading down.
No target in view!
Are you sure you want to abandon this character and quit the game? (Confirm with "yes".)

.........##### .........#
†........# ##### .........#
#...# .........# #...#
.........# #...# ####.#.###
#...# ####...## #...#
........## ##@..##
#####....# ###.....#
.......#.####.......#
##.#...#.##...##.....#
...##..#.##.########..#
..............# #.#
##............# >#
##............####.........#
...........................#


There were no monsters in sight!

Vanquished Creatures
  A dart slug (D:1)
  4 bats (D:1)
  3 endoplasms (D:1)
  2 hobgoblins (D:1)
  2 kobolds (D:1)
  A quokka (D:1)
  2 frilled lizards (D:1)
  5 goblins (D:1)
  A rat (D:1)
21 creatures vanquished.

Notes
Turn   | Place    | Note
-------+----------+-------------------------------------------
     0 | D:1      | Iscandelvey the Demonspawn Arcane Marksman began the quest
                  | for the Orb.
     0 | D:1      | Reached XP level 1. HP: 15/15 MP: 2/2
    13 | D:1      | Found a faded altar of an unknown god.
   185 | D:1      | Gained mutation: You have sharp fingernails. [demonic
                  | ancestry]
   185 | D:1      | Reached XP level 2. HP: 10/21 MP: 3/3
   204 | D:1      | Prayed at the altar of an unknown god.
   204 | D:1      | Became a worshipper of Xom of Chaos
   501 | D:1      | XOM: divination: detect items
   596 | D:1      | XOM: silly message
   713 | D:1      | Quit the game

Illustrated notes

Levels and vault maps discovered:
D:1:      dpeg_arrival_tiny_g, layout_rooms, ebering_ecumenical_altar_petrified

Skill      XL: |  1  2 |
---------------+-------+-----
Dodging        | 2 |  2.1
Slings         | 2 |  2.1
Fighting       | |  1.4
Spellcasting   | |  1.4
Hexes          | |  3.2

Action                   || total
-------------------------++-------
 Fire: Hunting sling     ||    63
  Use: Scroll            ||     2
Armor: Robe              ||     1
Dodge: Dodged            ||    11

Table legend: (Time is in decaauts)
 A = Elapsed time spent in this place.
 B = Non-inter-level travel time spent in this place.
 C = Inter-level travel time spent in this place.
 D = Time resting spent in this place.
 E = Time spent auto-exploring this place.
 F = Levels seen in this place.
 G = Mean time per level.
                   A        B        C        D        E       F      G
               +--------+--------+--------+--------+--------+-----+--------+
         Total |    719 |    719 |      0 |      0 |    548 |   1 |  719.0 |
       Dungeon |    719 |    719 |      0 |      0 |    548 |   1 |  719.0 |
               +--------+--------+--------+--------+--------+-----+--------+

Top non-repeatable levels by time:
     D:1: 719 daAuts
